 Dungeon Crawl Stone Soup version 0.31-a0-963-ga325b2283a (webtiles) character file.

Game seed: 3709933717449995824

61 Shayle the Trooper (level 4, 0/45 HPs)
             Began as an Ogre Hexslinger on Oct 25, 2023.
             Slain by a gnoll
             ... wielding a +0 club
              (4 damage)
             ... on level 2 of the Dungeon.
             The game lasted 00:01:19 (783 turns).

Shayle the Trooper (Ogre Hexslinger)                 Turns: 783, Time: 00:01:20

Health: 0/45       AC:  3    Str: 12    XL:     4   Next: 7%
Magic:  2/5        EV: 10    Int: 16    God:
Gold:   48         SH:  0    Dex: 11    Spells: 3/5 levels left

rFire   . . .        a - +1 sling
rCold   . . .        (no shield)
rNeg    . . .        c - +0 robe
rPois   .            (helmet restricted)
rElec   .            (no cloak)
rCorr   .            (gloves unavailable)
SInv    .            (boots unavailable)
Will    .....        (no amulet)
Stlth   +            (no ring)
HPRegen 0.27/turn    (no ring)
MPRegen 0.09/turn

%: no passive effects
@: brilliant, weak-willed, enlightened, flying
A: large, unfitting armour, tough skin 1
a: no special abilities


You were on level 2 of the Dungeon.
You visited 1 branch of the dungeon, and saw 2 of its levels.

You collected 48 gold pieces.

Inventory:

Hand Weapons
 a - a +1 sling (weapon)
Armour
 c - a +0 robe (worn)
Scrolls
 b - a scroll of poison
 f - a scroll of teleportation {unknown}
 g - a scroll of fear {unknown}
 h - a scroll of identify {unknown}
 j - a scroll of vulnerability {unknown}
Potions
 d - a potion of brilliance
 e - a potion of mutation {unknown}


   Skills:
 + Level 3.1 Fighting
 - Level 1.3 Ranged Weapons
 + Level 2.5 Dodging
 + Level 1.6 Unarmed Combat
 - Level 1.2 Spellcasting
 - Level 2.6 Hexes
 - Level 0.8 Fire Magic


You had 3 spell levels left.
You knew the following spells:

 Your Spells              Type           Power      Damage    Failure   Level
a - Jinxbite              Hex            28%        N/A       12%         2

Your spell library contained the following spells:

 Spells                   Type           Power      Damage    Failure   Level
 Magic Dart               Conj           4%         1d3       22%         1
 Sigil of Binding         Hex            14%        N/A       22%         3
 Inner Flame              Hex/Fire       9%         N/A       32%         3
 Call Imp                 Summ           2%         N/A       34%         2
 Mephitic Cloud           Conj/Pois/Air  1%         N/A       56%         3
 Cause Fear               Hex            7%         N/A       58%         4
 Dimensional Bullseye     Hex/Tloc       3%         N/A       78%         4


Dungeon Overview and Level Annotations

Branches:
Dungeon (2/15)

Altars:

Shops:
D:1 [


Innate Abilities, Weirdness & Mutations

You are too large for most types of armour.
You have tough skin. (AC +1)


Message History

The gnoll is moderately wounded.
The gnoll barely misses you. x2
You shoot a sling bullet. The sling bullet hits the gnoll.
The gnoll is almost dead.
The gnoll seems less drained.
The gnoll hits you with a +0 halberd.
You shoot a sling bullet. The sling bullet hits the gnoll.
You kill the gnoll!
Your Fighting skill increases to level 3!
Unknown command.
You shoot a sling bullet. The sling bullet hits the gnoll.
The gnoll is heavily wounded.
The gnoll barely misses you. x2
You shoot a sling bullet. The sling bullet hits the gnoll.
The gnoll is heavily wounded.
The gnoll barely misses you.
You shoot a sling bullet.
The sling bullet barely misses the gnoll. x2
The gnoll closely misses you.
You shoot a sling bullet. The sling bullet hits the gnoll.
The gnoll is almost dead.
The gnoll hits you with a +0 flail.
You shoot a sling bullet.
The sling bullet closely misses the gnoll.
The sling bullet barely misses the gnoll.
The gnoll hits you with a +0 flail! The gnoll hits you with a +0 flail.
You shoot a sling bullet. The sling bullet hits the gnoll.
The gnoll is almost dead.
The gnoll hits you with a +0 flail!
* * * LOW HITPOINT WARNING * * *
You shoot a sling bullet. The sling bullet hits the gnoll.
You kill the gnoll!
The gnoll barely misses you.
You have reached level 4!
It was a potion of brilliance.
You feel clever all of a sudden. The gnoll closely misses you.
It was a potion of enlightenment.
You feel very buoyant.
You fly up into the air.
The gnoll hits you with a +0 club.
You die...

#..#..#### #
#........# #.
#†##..#..# .
#.###.##..#..#
.#.#............#
.............#..#
.........###.#..#
.^....##.###.#..#####
.........g@........#
..##..##.###.....####
....................#
......g......###.####
...##.##...### #.# #
#. #...# #.# # #...#
### .....# ......#


You could see a gnoll.

Vanquished Creatures
  3 gnolls (D:2)
  A dart slug (D:1)
  4 ball pythons (D:1)
  4 endoplasms
  5 giant cockroaches
  2 goblins (D:1)
  3 hobgoblins
  A quokka (D:1)
  4 frilled lizards
  A rat (D:2)
28 creatures vanquished.

Notes
Turn   | Place    | Note
-------+----------+-------------------------------------------
     0 | D:1      | Shayle the Ogre Hexslinger began the quest for the Orb.
     0 | D:1      | Reached XP level 1. HP: 19/19 MP: 2/2
    66 | D:1      | Reached XP level 2. HP: 28/28 MP: 3/3
    73 | D:1      | Found Lirpher's Antique Armour Boutique.
    77 | D:1      | Learned a level 2 spell: Jinxbite
    85 | D:1      | Reached skill level 2 in Fighting
   131 | D:1      | Reached skill level 1 in Unarmed Combat
   362 | D:1      | Reached XP level 3. HP: 33/36 MP: 4/4
   775 | D:2      | Reached skill level 3 in Fighting
   782 | D:2      | Reached XP level 4. HP: 4/45 MP: 2/5
   783 | D:2      | Slain by a gnoll

Illustrated notes

Levels and vault maps discovered:
D:1:      dpeg_arrival_boxorama, layout_basic, serial_shops, shop,
          kennysheep_doodads
D:2:      layout_basic, uniq_sigmund

Skill      XL: |  1  2  3 |
---------------+----------+-----
Dodging        | 2 |  2.5
Fighting       | 2 3 |  3.1
Unarmed Combat | 1 |  1.6
Ranged Weapons | |  1.3
Spellcasting   | |  1.2
Hexes          | |  2.6
Fire Magic     | |  0.8

Action                     |  1- 3 |  4- 6 || total
---------------------------+-------+-------++-------
   Fire: Sling             |    96 |       ||    96
   Cast: Jinxbite          |     2 |       ||     2
    Use: Potion            |       |     2 ||     2
 Armour: Robe              |    28 |     1 ||    29
  Dodge: Dodged            |    58 |     1 ||    59

Table legend: (Time is in decaauts)
 A = Elapsed time spent in this place.
 B = Non-inter-level travel time spent in this place.
 C = Inter-level travel time spent in this place.
 D = Time resting spent in this place.
 E = Time spent auto-exploring this place.
 F = Levels seen in this place.
 G = Mean time per level.
                   A        B        C        D        E       F      G
               +--------+--------+--------+--------+--------+-----+--------+
         Total |    814 |    755 |     59 |      0 |    531 |   2 |  407.0 |
       Dungeon |    814 |    755 |     59 |      0 |    531 |   2 |  407.0 |
               +--------+--------+--------+--------+--------+-----+--------+

Top non-repeatable levels by time:
     D:1: 660 daAuts
     D:2: 153 daAuts
